 Dungeon Crawl Stone Soup version 0.24.0-123-gd5b16e6ec5 (webtiles) character file.

Game seed: 12832195614009800432, levelgen mode: deterministic

67 meblo the Gusty (level 3, -1/26 HPs)
             Began as a Draconian Air Elementalist on Dec 19, 2019.
             Was an Initiate of Sif Muna.
             Slain by Natasha (10 damage)
             ... on level 4 of the Dungeon.
             The game lasted 00:12:07 (2245 turns).

meblo the Gusty (Draconian Air Elementalist)        Turns: 2245, Time: 00:12:08

Health: -1/26      AC:  8    Str: 10    XL:     3   Next: 98%
Magic:  1/7        EV: 12    Int: 16    God:    Sif Muna [......]
Gold:   57         SH:  0    Dex: 11    Spells: 4/7 levels left

rFire    + . .     SeeInvis +   m - +0 whip
rCold    x . .     Gourm    .   (no shield)
rNeg     . . .     Faith    .   (armour unavailable)
rPois    .         Spirit   .   (helmet restricted)
rElec    .         Reflect  .   (no cloak)
rCorr    .         Harm     .   (no gloves)
MR       .....                  q - +2 pair of boots
Stlth    ++........             (no amulet)
HPRegen  0.08/turn              g - ring of fire (curse)
MPRegen  0.10/turn              n - ring of see invisible

@: no status effects
A: unfitting armour, cold-blooded, AC +5
a: Renounce Religion


You were on level 4 of the Dungeon.
You worshipped Sif Muna.
Sif Muna was noncommittal.
You were not hungry.

You visited 1 branch of the dungeon, and saw 4 of its levels.

You collected 57 gold pieces.

Inventory:

Hand Weapons
 a - a +0 dagger
 m - a +0 whip (weapon)
Armour
 q - a +2 pair of boots (worn)
Jewellery
 g - a cursed ring of fire (left hand)
 n - a ring of see invisible (right hand)
Scrolls
 c - 3 scrolls of identify {unknown}
 d - 2 scrolls of enchant armour {unknown}
 e - a scroll of amnesia {unknown}
 f - a scroll of teleportation {unknown}
 l - a scroll of fear {unknown}
 o - 2 scrolls of magic mapping {unknown}
 r - 2 scrolls of remove curse {unknown}
Potions
 h - a potion of brilliance {unknown}
 i - a potion of might
 j - a potion of curing {unknown}
 k - 2 potions of resistance {unknown}
 p - a potion of invisibility {unknown}
Comestibles
 b - 5 rations


   Skills:
 + Level 0.1 Maces & Flails
 + Level 2.1 Dodging
 + Level 1.8 Stealth
 + Level 2.7 Spellcasting
 + Level 1.6 Conjurations
 + Level 3.8 Air Magic


You had 4 spell levels left.
You knew the following spells:

 Your Spells              Type           Power        Failure   Level  Hunger
a - Shock                 Conj/Air       ##..         6%          1    #......
b - Swiftness             Chrm/Air       #.......     13%         2    ##.....

Your spell library contained the following spells:

 Spells                   Type           Power        Failure   Level  Hunger
 Static Discharge         Conj/Air       ##......     19%         3    ###....
 Airstrike                Air            ##........   36%         4    #####..
 Lightning Bolt           Conj/Air       ##........   86%         5    ######.


Dungeon Overview and Level Annotations

Branches:
Dungeon (4/15)
 Temple: D:4-7

Altars:
Sif Muna
The Shining One

Shops:
D:4 =

Annotations:
D:3 Grinder
D:4 Natasha


Innate Abilities, Weirdness & Mutations

Your plain brown scales are hard. (AC +5)
You cannot fit into any form of body armour.
You are cold-blooded and may be slowed by cold attacks.


Message History

Natasha barely misses you.
Natasha mumbles some strange words.
Casting: Shock (safe; 6% risk of failure)
Confirm with . or Enter, or press ? or * to list all spells.
Aiming: Shock (safe; 6% risk of failure)
Press: ? - help, Shift-Dir - straight line, f/p - Natasha
Aim: Natasha (moderately wounded, unusually strong)
The zap hits Natasha.
Natasha is severely wounded.
Natasha stares at you and mumbles some strange words.
The magic dart hits you!
Casting: Shock (safe; 6% risk of failure)
Confirm with . or Enter, or press ? or * to list all spells.
Aiming: Shock (safe; 6% risk of failure)
Press: ? - help, Shift-Dir - straight line, f/p - Natasha
Aim: Natasha (heavily wounded, unusually strong)
The zap hits Natasha.
Natasha is severely wounded.
The crimson imp barely misses you. Natasha claws you!
You die...

######## $#
#......#####.#
#......#.....#
.#......#.....#
..$...5@#.....#
####.##h#...#
#.....# #.....#
#<..### ###.#
.# .. #.#


You could see Natasha and a crimson imp.

Vanquished Creatures
  An adder (D:3)
  An ooze (D:1)
  2 worms (D:2)
  3 dart slugs
  2 leopard geckos
  An orc (D:3)
  A giant cockroach (D:1)
  8 goblins
  4 hobgoblins
  5 kobolds
  2 bats
  5 frilled lizards
  A leopard gecko skeleton (D:2)
  4 rats (D:2)
40 creatures vanquished.

Notes
Turn   | Place    | Note
-------+----------+-------------------------------------------
     0 | D:1      | meblo the Draconian Air Elementalist began the quest for
                  | the Orb.
     0 | D:1      | Reached XP level 1. HP: 14/14 MP: 3/3
   134 | D:1      | Reached XP level 2. HP: 17/20 MP: 3/5
   513 | D:1      | Found a glowing golden altar of the Shining One.
   923 | D:2      | Reached XP level 3. HP: 23/26 MP: 0/6
  1164 | D:2      | You fall into a shaft and drop 1 floor!
  1172 | D:3      | Found a shimmering blue altar of Sif Muna.
  1215 | D:3      | Became a worshipper of Sif Muna the Loreminder
  1285 | D:2      | Learned a level 2 spell: Swiftness
  2200 | D:3      | Noticed Grinder
  2227 | D:4      | Found Wienuimp's Jewellery Shop.
  2232 | D:4      | Noticed Natasha
  2245 | D:4      | Slain by Natasha

Levels and vault maps discovered:
D:1:      lemuel_arrival_broad_hall, layout_rooms, tso_altar
D:2:      layout_loops_corners
D:3:      layout_loops_corners, lemuel_crystal_altar, xom_teletrap_fun,
          uniq_purgy, uniq_grinder
D:4:      minmay_spotlight, layout_basic, lemuel_crystal_altar, serial_shops,
          shop, uniq_natasha, uniq_pikel

Skill      XL: |  1 |
---------------+----+-----
Dodging        | 2 |  2.1
Maces & Flails | |  0.1
Stealth        | |  1.8
Spellcasting   | |  2.7
Conjurations   | |  1.6
Air Magic      | |  3.8

Action                   || total
-------------------------++-------
Melee: Dagger            ||    41
       Tailslap          ||     7
       Whip              ||    58
 Cast: Shock             ||    71
 Stab: Sleeping          ||     1
  Eat: Chunk             ||     5
Armor: Skin              ||    38
Dodge: Dodged            ||    85
